 Dungeon Crawl Stone Soup version 0.30-a0-341-g682706514a (webtiles) character file.

Game seed: 13080671979796538962

717 Kinoniko the Cudgeller (level 7, 0/46 HPs)
             Began as a Gargoyle Berserker on Nov 3, 2022.
             Was an Elder of Trog.
             Slain by an ogre
             ... wielding a +0 giant club
              (18 damage)
             ... on level 5 of the Dungeon.
             The game lasted 00:05:22 (4070 turns).

Kinoniko the Cudgeller (Gargoyle Berserker)         Turns: 4070, Time: 00:05:23

Health: 0/46       AC: 14    Str: 23    XL:     7   Next: 70%
Magic:  7/7        EV: 10    Int:  7    God:    Trog [****..]
Gold:   184        SH:  0    Dex:  9    Spells: 6/6 levels left

rFire   . . .      SeeInvis .    q - +0 morningstar (vorpal)
rCold   . . .      Faith    .    (no shield)
rNeg    + . .      Spirit   .    d - +0 scale mail
rPois   ∞          Reflect  .    (no helmet)
rElec   +          Harm     .    f - +1 cloak
rCorr   .          Rampage  .    (no gloves)
Will    ++...                    m - +0 pair of boots
Stlth   ..........               (no amulet)
HPRegen 1.27/turn                t - ring of flight
MPRegen 0.10/turn                (no ring)

@: strong-willed (expiring), on berserk cooldown, flying, regenerating
(expiring), slowed, very slow
A: sickness immunity, AC +4, negative energy resistance 1, electricity
resistance, torment resistance 1, petrification resistance
a: Renounce Religion, Berserk, Trog's Hand, Brothers in Arms


You were on level 5 of the Dungeon.
You worshipped Trog.
Trog was greatly pleased with you.
You visited 1 branch of the dungeon, and saw 5 of its levels.

You collected 184 gold pieces.

Inventory:

Hand Weapons
 a - a +0 mace
 q - a +0 vorpal morningstar (weapon)
Armour
 d - a +0 scale mail (worn)
 f - a +1 cloak (worn)
 j - a +0 ring mail
 m - a +0 pair of boots (worn)
Jewellery
 t - a ring of flight (left hand)
Wands
 r - a wand of roots (13)
Scrolls
 b - 3 scrolls of teleportation
 e - a scroll of vulnerability
 h - a scroll of butterflies
 l - 2 scrolls of blinking
 n - a scroll of fear
 p - a scroll of poison
Potions
 c - a potion of heal wounds
 g - 2 potions of curing {unknown}
 i - a potion of degeneration {unknown}
 k - 3 potions of mutation {unknown}
 o - 2 potions of lignification {unknown}
 s - a potion of might {unknown}


   Skills:
 + Level 6.1 Fighting
 * Level 7.4 Maces & Flails
 - Level 2.1 Armour
 - Level 1.5 Dodging


You had 6 spell levels left.
You didn't know any spells.
Your spell library was empty.

Dungeon Overview and Level Annotations

Branches:
Dungeon (5/15)
 Temple: D:4-7

Altars:
Ashenzari
Cheibriados
Elyvilon
Nemelex Xobeh
Qazlal
Lugonu

Portals:
Abyss: D:3

Annotations:
D:3 2 runed translucent doors


Innate Abilities, Weirdness & Mutations

You are immune to sickness and miasma.
Your stone body is resilient. (AC +4)
You are immune to poison.
You resist negative energy. (rN+)
You are resistant to electric shocks. (rElec)
You are resistant to unholy torment.
You are immune to petrification.


Message History

You hit something. Something hits you. The ogre barely misses you.
The orc hits you but does no damage. Something hits you but does no damage.
Unknown command.
You barely miss the ogre.
The ogre is moderately wounded.
You hear some strange, mumbled words.
Something tries to affect you, but you resist.
The orc barely misses you. Something hits you but does no damage.
The ogre barely misses you. The orc hits you with a +0 mace.
Something hits you but does no damage. x2
You closely miss the ogre.
The ogre is moderately wounded.
An orc wizard appears from thin air!
Reactivating autopickup.
The orc wizard barely misses you. The ogre hits you with a +0 giant club.
The orc hits you but does no damage. Something hits you but does no damage.
Deactivating autopickup; reactivate with Ctrl-A.
The orc wizard hits you with a +0 dagger.
You hear some strange, mumbled words.
A magic dart appears from out of thin air!
The magic dart hits you but does no damage.
The orc barely misses you.
You hit the ogre.
The ogre is heavily wounded.
The ogre closely misses you.
The orc wizard hits you but does no damage.
Something hits you but does no damage. The orc hits you but does no damage.
Unknown command.
You puncture the ogre!
The ogre is almost dead.
You feel the effects of Trog's Hand fading.
The orc wizard closely misses you. The ogre barely misses you.
The orc hits you with a +0 mace.
You hear some strange, mumbled words.
A magic dart appears from out of thin air!
The magic dart hits you. Something hits you but does no damage.
The orc hits you but does no damage.
The orc wizard hits you but does no damage.
The ogre hits you with a +0 giant club!!
You die...

..## #.#...##....
##.##....##.#..##.....
###........##...........
##...?.#............#.#..
.......#....#......####..
.......... ##.....# #...
......# ##..)..###... ##
###.O### #............
###..##..)o@.###.........[..
#......)..{o................
##..........................
##.........................
#...................##.....
#...>...............# ##...
#..........###......<. .#
#....##...... .....)....
##... .........#........


You could see an ogre, an orc wizard and an orc.

Vanquished Creatures
  A black bear (D:4)
  A gnoll sergeant (D:4)
  A necrophage (D:4)
  An orc priest (D:5)
  Natasha (thrice) (D:2)
  4 iguanas
  2 orc wizards
  5 gnolls (D:4)
  7 adders
  An ufetubus (D:5)
  3 dart slugs (D:1)
  12 orcs
  7 bats
  8 endoplasms
  7 giant cockroaches
  6 goblins
  8 hobgoblins
  7 jackals
  9 kobolds
  4 quokkas
  9 ball pythons
  7 frilled lizards
  11 rats
124 creatures vanquished.

Notes
Turn   | Place    | Note
-------+----------+-------------------------------------------
     0 | D:1      | Kinoniko the Gargoyle Berserker began the quest for the
                  | Orb.
     0 | D:1      | Reached XP level 1. HP: 14/14 MP: 1/1
   111 | D:1      | Reached XP level 2. HP: 15/19 MP: 2/2
   353 | D:1      | Reached XP level 3. HP: 24/24 MP: 3/3
   488 | D:1      | Reached ** piety under Trog
   622 | D:1      | Reached skill level 4 in Maces & Flails
  1518 | D:2      | Reached XP level 4. HP: 28/29 MP: 4/4
  1534 | D:2      | Noticed Natasha
  1546 | D:2      | Killed Natasha
  1819 | D:2      | Noticed Natasha
  1833 | D:2      | Killed Natasha
  1994 | D:2      | Reached XP level 5. HP: 34/34 MP: 5/5
  2121 | D:2      | Noticed Natasha
  2130 | D:2      | Killed Natasha
  2131 | D:2      | Reached skill level 5 in Maces & Flails
  2306 | D:3      | Reached *** piety under Trog
  2349 | D:3      | Found a stormy altar of Qazlal.
  2353 | D:3      | Noticed a fire elemental
  2353 | D:3      | Noticed a water elemental
  2353 | D:3      | Noticed an air elemental
  2402 | D:3      | Found a one-way gate to the infinite horrors of the Abyss.
  2551 | D:3      | Found a large runed translucent door.
  2551 | D:3      | Found a large runed translucent door.
  2555 | D:3      | Found a corrupted altar of Lugonu.
  3170 | D:4      | Noticed a black bear
  3177 | D:4      | Reached XP level 6. HP: 40/40 MP: 6/6
  3180 | D:4      | Killed a black bear
  3181 | D:4      | Reached skill level 5 in Fighting
  3181 | D:4      | Reached skill level 6 in Maces & Flails
  3472 | D:4      | Reached XP level 7. HP: 42/44 MP: 7/7
  3667 | D:4      | Reached skill level 7 in Maces & Flails
  3816 | D:4      | Found a broken altar of Ashenzari.
  3819 | D:4      | Found a white marble altar of Elyvilon.
  3822 | D:4      | Found a snail-covered altar of Cheibriados.
  3825 | D:4      | Found a sparkling altar of Nemelex Xobeh.
  3844 | D:5      | Entered Level 5 of the Dungeon
  3971 | D:5      | Reached **** piety under Trog
  4070 | D:5      | Slain by an ogre

Illustrated notes

Levels and vault maps discovered:
D:1:      elethiomel_arrival_fortress_basement, layout_loops_corners,
          st_stairs_11
D:2:      layout_loops_corners, uniq_natasha
D:3:      due_chaos_kobolds, layout_basic, nicolae_qazlal_style_of_elements,
          minmay_cupped
D:4:      layout_rooms, grunt_temple_overflow_cloverleaf
D:5:      layout_cave_pools, uniq_crazy_yiuf_cottage

Skill      XL: |  1  2  3  4  5  6  7 |
---------------+----------------------+-----
Maces & Flails | 4 5 6 7 |  7.4
Fighting       | 4 5 6 |  6.1
Armour         | |  2.1
Dodging        | |  1.5

Action                   |  1- 3 |  4- 6 |  7- 9 || total
-------------------------+-------+-------+-------++-------
Melee: Mace              |   119 |   108 |       ||   227
       Punch             |       |     2 |     1 ||     3
       Morningstar       |       |    71 |    83 ||   154
Invok: Berserk           |     1 |     4 |     3 ||     8
       Trog's Hand       |       |       |     1 ||     1
  Use: Scroll            |       |     6 |     2 ||     8
       Potion            |       |       |     1 ||     1
Armor: Animal skin       |    33 |       |       ||    33
       Ring mail         |     8 |   114 |    42 ||   164
       Leather armour    |     3 |       |       ||     3
       Scale mail        |       |       |    41 ||    41
Dodge: Dodged            |    67 |   155 |    87 ||   309

Table legend: (Time is in decaauts)
 A = Elapsed time spent in this place.
 B = Non-inter-level travel time spent in this place.
 C = Inter-level travel time spent in this place.
 D = Time resting spent in this place.
 E = Time spent auto-exploring this place.
 F = Levels seen in this place.
 G = Mean time per level.
                   A        B        C        D        E       F      G
               +--------+--------+--------+--------+--------+-----+--------+
         Total |   4196 |   4055 |    141 |    139 |   3039 |   5 |  839.2 |
       Dungeon |   4196 |   4055 |    141 |    139 |   3039 |   5 |  839.2 |
               +--------+--------+--------+--------+--------+-----+--------+

Top non-repeatable levels by time:
     D:1: 1132 daAuts
     D:2: 1103 daAuts
     D:3: 1007 daAuts
     D:4: 708 daAuts
     D:5: 244 daAuts
